[Event "Turkish Women-ch Arzum 2022"]
[Site "Ayvalik"]
[Date "2022.03.09"]
[Round "7.1"]
[White "Isgenderova, Hayale"]
[Black "Atalik, Ekaterina"]
[Result "0-1"]
[ECO "C41"]
[WhiteElo "2202"]
[BlackElo "2415"]
[Annotator "ChessBase"]
[PlyCount "52"]
[EventDate "2022.03.04"]
[EventType "swiss"]
[EventCountry "TUR"]
[SourceTitle "playchess.com"]
[Source "ChessBase"]
[SourceQuality "1"]
[TimeControl "5400+30"]

1. e4 e5 2. Nf3 d6 3. d4 exd4 4. Nxd4 Nf6 5. Nc3 g6 6. Be2 Bg7 7. Be3 O-O 8. f4 Re8 9. Bf3 Nxe4 10. Nxe4 d5 11. Nb5 a6 12. Nxc7 Qxc7 13. Qxd5 Bf5 14. Qxb7 Qxb7 15. Nf6+ Bxf6 16. Bxb7 Ra7 17. Bf3 Rxe3+ 18. Kf2 Rae7 19. Rad1 Nd7 20. c4 Nc5 21. Rd6 Bh4+ 22. g3 Nd3+ 23. Kg2 Ne1+ 24. Rxe1 Rxe1 25. gxh4 Be4 26. Bxe4 R7xe4 0-1

[Event "Turkish Women-ch Arzum 2022"]
[Site "Ayvalik"]
[Date "2022.03.09"]
[Round "7.2"]
[White "Ince, Safiye Oyku"]
[Black "Onur, Cigdem"]
[Result "1/2-1/2"]
[ECO "B45"]
[WhiteElo "1893"]
[BlackElo "2012"]
[Annotator "ChessBase"]
[PlyCount "110"]
[EventDate "2022.03.04"]
[EventType "swiss"]
[EventCountry "TUR"]
[SourceTitle "playchess.com"]
[Source "ChessBase"]
[SourceQuality "1"]
[TimeControl "5400+30"]

1. e4 c5 2. Nf3 Nc6 3. d4 cxd4 4. Nxd4 Nf6 5. Nc3 e6 6. g3 Bb4 7. Bg2 O-O 8. O-O d6 9. Nb3 Qe7 10. a4 Rd8 11. Na2 Bc5 12. Bg5 h6 13. Bxf6 Qxf6 14. Nc3 Ne5 15. Qe2 Bb4 16. Nd1 Bc5 17. Nxc5 dxc5 18. f4 Nc6 19. c3 e5 20. f5 Ne7 21. Ne3 Qa6 22. Qh5 f6 23. Rfd1 Bd7 24. Bf1 Qc6 25. Bc4+ Kh7 26. Ng4 Be8 27. Bf7 Bxf7 28. Qxf7 Ng8 29. Rd5 Rxd5 30. exd5 Qb6 31. Rd1 Rd8 32. Nf2 Qxb2 33. d6 Qb6 34. c4 Qc6 35. d7 h5 36. Qg6+ Kh8 37. Qxh5+ Nh6 38. Rd6 Qxd6 39. Qe8+ Rxe8 40. dxe8=Q+ Kh7 41. Qg6+ Kg8 42. Qe8+ Qf8 43. Qe6+ Qf7 44. Qc8+ Kh7 45. Qxc5 Nxf5 46. Qxa7 Qxc4 47. Qxb7 Qxa4 48. Qb1 g6 49. Qb7+ Ng7 50. Ne4 Qa1+ 51. Kg2 Qa2+ 52. Kg1 Qa1+ 53. Kg2 Qa2+ 54. Kg1 Qe6 55. Qc7 Qf5 1/2-1/2

[Event "Turkish Women-ch Arzum 2022"]
[Site "Ayvalik"]
[Date "2022.03.09"]
[Round "7.4"]
[White "Acarbay, Algi"]
[Black "Hereklioglu, Sude"]
[Result "1-0"]
[ECO "B28"]
[WhiteElo "1992"]
[BlackElo "1924"]
[Annotator "ChessBase"]
[PlyCount "45"]
[EventDate "2022.03.04"]
[EventType "swiss"]
[EventCountry "TUR"]
[SourceTitle "playchess.com"]
[Source "ChessBase"]
[SourceQuality "1"]
[TimeControl "5400+30"]

1. e4 c5 2. Nf3 a6 3. c3 d5 4. exd5 Qxd5 5. d4 cxd4 6. cxd4 Nf6 7. Nc3 Qd6 8. Bc4 b5 9. Bb3 Bb7 10. O-O e6 11. Bg5 b4 12. Na4 Nbd7 13. Re1 Nd5 14. Bh4 h5 15. Nc5 Bc6 16. Rc1 g5 17. Bg3 Nf4 18. Bxf4 Qxf4 19. Nxe6 fxe6 20. Rxe6+ Kd8 21. Rexc6 Bg7 22. g3 Qe4 23. Nxg5 1-0

[Event "Turkish Women-ch Arzum 2022"]
[Site "Ayvalik"]
[Date "2022.03.09"]
[Round "7.8"]
[White "Sahin, Hayrun Nisa"]
[Black "Incecik, Seyma Zeynep"]
[Result "1/2-1/2"]
[ECO "A08"]
[WhiteElo "2014"]
[BlackElo "1777"]
[Annotator "ChessBase"]
[PlyCount "85"]
[EventDate "2022.03.04"]
[EventType "swiss"]
[EventCountry "TUR"]
[SourceTitle "playchess.com"]
[Source "ChessBase"]
[SourceQuality "1"]
[TimeControl "5400+30"]

1. g3 d5 2. Bg2 Nf6 3. Nf3 c5 4. d3 Nc6 5. O-O Bg4 6. c3 e6 7. Nbd2 h6 8. Qc2 Rc8 9. e4 Be7 10. Re1 O-O 11. Nf1 d4 12. h3 Bxf3 13. Bxf3 Ne5 14. Be2 c4 15. Rd1 cxd3 16. Bxd3 Qa5 17. Bd2 Nf3+ 18. Kg2 Nxd2 19. Nxd2 dxc3 20. Nc4 cxb2 21. Qxb2 Qc7 22. Rac1 Qb8 23. Rb1 b6 24. e5 Nd5 25. Rbc1 b5 26. Na5 a6 27. Qd4 Qb6 28. Qxb6 Nxb6 29. Nc6 Ba3 30. Rc3 Nc4 31. Be4 Kh8 32. f4 Bc5 33. Rd7 Bb6 34. a4 Na5 35. axb5 axb5 36. Rc2 Nxc6 37. Rxc6 Rxc6 38. Bxc6 b4 39. Rb7 Bc5 40. Rb5 Be7 41. Rb7 Bc5 42. Rb5 Be7 43. Rb7 1/2-1/2

[Event "Turkish Women-ch Arzum 2022"]
[Site "Ayvalik"]
[Date "2022.03.09"]
[Round "7.9"]
[White "Karatiken, Seray"]
[Black "Can, Isil"]
[Result "0-1"]
[ECO "E01"]
[WhiteElo "1717"]
[BlackElo "1875"]
[Annotator "NA"]
[PlyCount "60"]
[EventDate "2022.03.04"]
[EventType "swiss"]
[EventCountry "TUR"]
[SourceTitle "playchess.com"]
[Source "ChessBase"]
[SourceQuality "1"]
[TimeControl "5400+30"]

1. d4 d5 2. Nf3 Nf6 3. c4 e6 4. Qc2 Nbd7 5. g3 c6 6. Bg2 Bd6 7. O-O O-O 8. b3 e5 9. dxe5 Nxe5 10. Bb2 Nxf3+ 11. Bxf3 dxc4 12. bxc4 Qe7 13. a4 (13. Rd1 $11) 13... a5 14. Nd2 Re8 15. Bd4 (15. Rfd1 $11) 15... Be5 16. Bxe5 Qxe5 17. Ra3 Bf5 18. Qc3 Qc5 19. Rb3 Rab8 20. Qb2 (20. Rb2 $1 $14) 20... b6 21. Qa3 Qd4 22. Qb2 Red8 23. Nb1 Qxc4 24. Rxb6 Nd7 25. Rb7 Qxa4 26. Rc1 $2 (26. Nc3 $15 Rxb7 27. Qxb7) 26... Rxb7 27. Qxb7 Ne5 28. Bxc6 $2 (28. Qe7 $17 Qd4 29. Nc3) 28... Nxc6 29. Qxc6 $19 Qxc6 30. Rxc6 Rd1+ 0-1

[Event "Turkish Women-ch Arzum 2022"]
[Site "Ayvalik"]
[Date "2022.03.09"]
[Round "7.10"]
[White "Catal, Uktenur"]
[Black "Kipik, Feyza"]
[Result "1-0"]
[ECO "A32"]
[WhiteElo "1832"]
[BlackElo "1603"]
[Annotator "NA"]
[PlyCount "89"]
[EventDate "2022.03.04"]
[EventType "swiss"]
[EventCountry "TUR"]
[SourceTitle "playchess.com"]
[Source "ChessBase"]
[SourceQuality "1"]
[TimeControl "5400+30"]

1. Nf3 c5 2. c4 Nc6 3. d4 cxd4 4. Nxd4 Nf6 5. g3 e6 6. Bg2 Bb4+ 7. Bd2 Qb6 {[%emt 0:03:30] was the old line (7...Be7).} 8. Nb3 Ne5 9. Qc2 d6 10. O-O {[%emt 0:00:30] [#]} Bd7 $146 {[%emt 0:00:30] [#]} ({Predecessor:} 10... Bxd2 $11 {should be considered.} 11. N1xd2 O-O 12. Rac1 Qc7 13. c5 d5 14. e4 dxe4 15. Nxe4 Nxe4 16. Qxe4 Rb8 {½-½ (30) Gelfand,B (2736)-Korotylev,A (2600) Moscow 2007}) 11. Be3 $1 Qc7 12. a3 Ba5 13. Nxa5 Qxa5 14. Bxb7 Rb8 15. Bg2 Ba4 (15... Qc7 $16) 16. Qc1 ({White should play} 16. Qc3 $18 Qxc3 17. Nxc3) 16... O-O 17. b4 Qa6 {[%emt 0:02:30] [#]} 18. b5 $1 Qa5 19. Qc3 Qc7 20. Rc1 Neg4 21. Bd2 ({Better is} 21. Nd2 $18) 21... a6 $2 (21... Qc5 $16) 22. h3 Ne5 23. Qb4 axb5 24. cxb5 Qd7 25. Qxa4 Nd5 26. Nc3 Nb6 27. Qd4 Nec4 28. Bc6 e5 29. Qh4 Qe6 30. Be1 f5 {[%emt 0:01:13] [#]} 31. Bd5 $1 Nxd5 32. Qxc4 Nf4 33. Qxe6+ Nxe6 34. e3 f4 35. a4 fxe3 36. fxe3 Rf3 37. Nd5 Rbf8 38. Kg2 Nc5 39. Rxc5 dxc5 40. a5 R3f7 41. a6 Rd8 42. a7 Ra8 43. b6 Rd7 44. Nc7 Rxc7 45. bxc7 1-0

[Event "Turkish Women-ch Arzum 2022"]
[Site "Ayvalik"]
[Date "2022.03.09"]
[Round "7.11"]
[White "Can, Isil"]
[Black "Zengin, Ovgu"]
[Result "1-0"]
[ECO "B43"]
[WhiteElo "1875"]
[BlackElo "1475"]
[Annotator "NA RC"]
[PlyCount "70"]
[EventDate "2022.03.04"]
[EventType "swiss"]
[EventCountry "TUR"]
[SourceTitle "playchess.com"]
[Source "ChessBase"]
[SourceQuality "1"]
[TimeControl "5400+30"]

1. e4 c5 2. Nf3 e6 3. d4 cxd4 4. Nxd4 a6 5. Nc3 Qc7 6. a3 Nf6 7. Be3 b5 8. Bd3 Bb7 9. f3 d5 10. exd5 Nxd5 11. Nxd5 Bxd5 12. O-O Bd6 13. h3 Nd7 14. Kh1 Nf6 15. Bxb5+ Ke7 16. Bd3 Nh5 17. Ne2 Be5 18. c4 Bb7 19. Qc2 Rhb8 20. Rab1 Nf6 21. f4 Qc6 22. Rg1 Bc7 23. Nd4 Qd7 24. Rgf1 g6 25. Rbd1 Qc8 26. f5 e5 27. Bg5 exd4 28. Rde1+ Kf8 29. Bxf6 Qd7 30. Qd2 Kg8 31. Qh6 Bxg2+ 32. Kg1 Bh2+ 33. Kxh2 Qd6+ 34. Be5 Qf8 35. Qxf8+ Kxf8 1-0

[Event "Turkish Women-ch Arzum 2022"]
[Site "Ayvalik"]
[Date "2022.03.09"]
[Round "7.11"]
[White "Salt, Ilayda"]
[Black "Buyuk, Ecrin Efsa"]
[Result "0-1"]
[ECO "D11"]
[WhiteElo "1594"]
[BlackElo "1565"]
[Annotator "NA"]
[PlyCount "112"]
[EventDate "2022.03.04"]
[EventType "swiss"]
[EventCountry "TUR"]
[SourceTitle "playchess.com"]
[Source "ChessBase"]
[SourceQuality "1"]
[TimeControl "5400+30"]

1. d4 d5 2. c4 c6 3. Nf3 Nf6 4. g3 Bf5 5. Bg2 e6 6. O-O Nbd7 7. Nbd2 Be7 8. b3 O-O 9. Bb2 Ne4 10. Re1 Ndf6 11. a3 dxc4 12. bxc4 c5 13. Nxe4 Nxe4 14. d5 exd5 15. cxd5 c4 16. Rc1 c3 17. Bxc3 Bxa3 18. Rc2 Nxc3 19. Rxc3 Bb4 20. Rb3 Bxe1 21. Nxe1 Qd7 22. d6 Rab8 23. e4 Be6 24. Ra3 b5 25. Qd4 Rb6 26. e5 b4 27. Ra1 b3 28. Nd3 Bf5 29. Nc5 Qb5 30. Bf1 Qb4 31. Qxb4 Rxb4 32. Bd3 b2 33. Rb1 Be6 34. Nxe6 fxe6 35. f4 g6 36. Kf2 a5 37. Rd1 Rfb8 38. Bb1 Kf7 39. Ke3 a4 40. g4 a3 41. f5 gxf5 42. gxf5 exf5 43. Ba2+ Ke8 44. Bb1 a2 45. Bxa2 b1=Q 46. Bxb1 Rxb1 47. Rd5 Kd7 48. Kf4 Ke6 49. Rd2 R1b4+ 50. Kg5 Kxe5 51. h4 Rg8+ 52. Kh5 Rd8 53. Rg2 Rxd6 54. Rg7 Rdd4 55. Re7+ Kf6 56. Rf7+ Ke5 0-1

[Event "Turkish Women-ch Arzum 2022"]
[Site "Ayvalik"]
[Date "2022.03.09"]
[Round "7.12"]
[White "Demirtas, Hafize"]
[Black "Tanir, Simay"]
[Result "1-0"]
[ECO "C95"]
[WhiteElo "1779"]
[BlackElo "1510"]
[Annotator "NA"]
[PlyCount "99"]
[EventDate "2022.03.04"]
[EventType "swiss"]
[EventCountry "TUR"]
[SourceTitle "playchess.com"]
[Source "ChessBase"]
[SourceQuality "1"]
[TimeControl "5400+30"]

1. e4 e5 2. Nf3 Nc6 3. Bb5 a6 4. Ba4 Nf6 5. O-O Be7 6. Re1 b5 7. Bb3 d6 8. c3 O-O 9. h3 Nb8 10. d4 Nbd7 11. Nbd2 Bb7 12. Bc2 Re8 13. Nf1 Bf8 14. Ng3 g6 15. a4 c5 16. Bg5 h6 17. Be3 exd4 18. cxd4 Nxe4 19. Nxe4 Bxe4 20. Bxe4 Rxe4 21. axb5 axb5 22. Qd3 Nf6 23. Rxa8 Qxa8 24. Qxb5 cxd4 25. Bxd4 Rxe1+ 26. Nxe1 Bg7 27. Nf3 Ne4 28. Qb6 Qa1+ 29. Kh2 Qc1 30. Bxg7 Kxg7 31. Qd4+ Nf6 32. b4 Qc6 33. Qb2 d5 34. Kg1 Kg8 35. b5 Qb6 36. Nd4 Ne4 37. Kf1 Nd6 38. Ke2 Nc4 39. Qa1 Kh7 40. Qc3 Qf6 41. Qd3 Qe7+ 42. Kf1 Qb4 43. g3 Nb2 44. Qe3 Nd1 45. Qf4 Nc3 46. Qxf7+ Kh8 47. Ne6 Qb1+ 48. Kg2 Qe4+ 49. Kh2 Qe5 50. Qe8+ 1-0

[Event "Turkish Women-ch Arzum 2022"]
[Site "Ayvalik"]
[Date "2022.03.09"]
[Round "7.13"]
[White "Baloglu, Dila"]
[Black "Acar, Ilayda"]
[Result "0-1"]
[ECO "D02"]
[WhiteElo "1630"]
[BlackElo "1460"]
[Annotator "NA"]
[PlyCount "62"]
[EventDate "2022.03.04"]
[EventType "swiss"]
[EventCountry "TUR"]
[SourceTitle "playchess.com"]
[Source "ChessBase"]
[SourceQuality "1"]
[TimeControl "5400+30"]

1. d4 Nf6 2. Bf4 e6 3. Nf3 d5 4. e3 c5 5. c3 Bd6 6. Bg3 O-O 7. Bd3 Ne4 8. Nbd2 f5 9. Bxd6 Qxd6 10. Ne5 b6 11. f4 Nxd2 12. Qxd2 Nd7 13. O-O-O c4 14. Bb1 b5 15. g4 a5 16. gxf5 exf5 17. Rdg1 Nxe5 18. fxe5 Qe7 19. Rg3 Rf7 20. h4 b4 21. h5 Rb8 22. Rhg1 Be6 23. Rg5 bxc3 24. Qxc3 Qb4 25. Qc2 Rfb7 26. Qg2 Qxb2+ 27. Qxb2 Rxb2 28. Rxg7+ Kh8 29. Bc2 Rxa2 30. R1g2 c3 31. Kd1 Rbb2 0-1

[Event "Turkish Women-ch Arzum 2022"]
[Site "Ayvalik"]
[Date "2022.03.09"]
[Round "7.14"]
[White "Yurdakul, Didem Nuray"]
[Black "Karatiken, Beray"]
[Result "0-1"]
[ECO "B22"]
[WhiteElo "1804"]
[BlackElo "1380"]
[Annotator "NA"]
[PlyCount "112"]
[EventDate "2022.03.04"]
[EventType "swiss"]
[EventCountry "TUR"]
[SourceTitle "playchess.com"]
[Source "ChessBase"]
[SourceQuality "1"]
[TimeControl "5400+30"]

1. e4 c5 2. Nf3 e6 3. c3 Nc6 4. d4 d5 5. exd5 exd5 6. Bb5 a6 7. Bxc6+ bxc6 8. O-O Nf6 (8... Bd6 $1 $11 {is superior.}) 9. Re1+ Be7 10. dxc5 O-O 11. b4 Ne4 12. Nd4 Bd7 13. f3 Ng5 14. Qa4 ({Better is} 14. Nd2 $16) 14... Bf6 15. Bf4 $2 ({But not} 15. Nxc6 $2 Re8 16. Rxe8+ Qxe8 $19) (15. Na3 $11 {and White has nothing to worry.}) 15... Ne6 $2 ({Better is} 15... Bxd4+ $19 16. cxd4 {[#]} Nxf3+ $1 17. gxf3 Qh4) 16. Nxe6 fxe6 17. Bd6 Re8 18. f4 a5 19. a3 axb4 20. Qxb4 Qa5 $1 21. Ra2 d4 22. Be5 Bxe5 $1 23. Rxe5 $4 (23. fxe5 $11 {and White stays safe.} dxc3 24. Nxc3) 23... Reb8 {[%emt 0:00:00] Skewer} 24. Qxd4 Rxb1+ 25. Kf2 Rd8 26. a4 $2 (26. Rg5 $1 $11 {and White is okay.} g6 27. Qd3) 26... Bc8 27. Qe3 Qa6 28. Rd2 Rf1+ 29. Kg3 Rf8 30. Re4 Qa7 31. Qd3 Ra1 32. Qc4 Qf7 33. Re5 Ba6 34. Qe4 $19 (34. Qxe6 Bc4 35. Qxf7+ Bxf7 36. Rd6) 34... Rf1 35. Rd4 Qc7 36. Rh5 g6 37. Qxe6+ Qf7 38. Qxf7+ Rxf7 39. Re5 Rc1 40. Kg4 Rxc3 41. Kh4 Rc2 42. Kg3 Bf1 43. a5 Rxg2+ 44. Kf3 Ra2 45. Re8+ Kg7 46. Ra8 Rb7 47. Kg4 Rb3 48. Ra7+ Kh6 49. f5 Rg2+ 50. Kf4 Rf2+ 51. Ke5 Rxf5+ 52. Kd6 Rh5 53. Kxc6 Rc3 54. Rdd7 Rcxc5+ 55. Kb6 Rb5+ 56. Kc7 Rxa5 0-1

[Event "Turkish Women-ch Arzum 2022"]
[Site "Ayvalik"]
[Date "2022.03.09"]
[Round "7.15"]
[White "Akin, Duru"]
[Black "Gedik, Eylul Ceren"]
[Result "1-0"]
[ECO "D05"]
[WhiteElo "1563"]
[BlackElo "1282"]
[Annotator "NA RC"]
[PlyCount "117"]
[EventDate "2022.03.04"]
[EventType "swiss"]
[EventCountry "TUR"]
[SourceTitle "playchess.com"]
[Source "ChessBase"]
[SourceQuality "1"]
[TimeControl "5400+30"]

1. d4 d5 2. Nf3 Nf6 3. e3 e6 4. Bd3 Bd6 5. b3 O-O 6. Bb2 c5 7. Nbd2 Nc6 8. O-O b6 9. Ne5 Bb7 10. f4 Rc8 11. a3 Ne7 12. g4 Ne4 13. c4 Qe8 14. Qc2 f5 15. g5 Bxe5 16. dxe5 Nxd2 17. Qxd2 dxc4 18. bxc4 Qc6 19. Kf2 Rfd8 20. Qe2 Ng6 21. Rg1 Rxd3 22. Qxd3 Qf3+ 23. Ke1 Nxf4 24. Qd2 Nh3 25. Rf1 Nxg5 26. Qe2 Qxe2+ 27. Kxe2 Ba6 28. Rac1 Rd8 29. Rfd1 Rd5 30. Rd3 Rxd3 31. Kxd3 Ne4 32. a4 g5 33. Ke2 h5 34. Rc2 h4 35. Bc1 g4 36. Bd2 Ng5 37. Be1 Nf3 38. a5 bxa5 39. Bxa5 Nxh2 40. Kf2 g3+ 41. Kg2 Bb7+ 42. Kh3 Nf1 43. Be1 Nxe3 44. Rb2 Be4 45. Kxh4 g2 46. Bf2 Nd1 47. Rb8+ Kf7 48. Bxc5 Kg7 49. Kg5 a5 50. Re8 Kf7 51. Re7+ Kg8 52. Kh6 f4 53. Rg7+ Kh8 54. Rd7 g1=Q 55. Bxg1 Kg8 56. Rxd1 Bc6 57. Bc5 Kf7 58. Rd6 Ba4 59. Ra6 1-0

[Event "Turkish Women-ch Arzum 2022"]
[Site "Ayvalik"]
[Date "2022.03.09"]
[Round "7.16"]
[White "Yilmaz, Gokcen"]
[Black "Alagoz, Zumra Meryem"]
[Result "0-1"]
[ECO "B08"]
[WhiteElo "1647"]
[BlackElo "1573"]
[Annotator "NA"]
[PlyCount "88"]
[EventDate "2022.03.04"]
[EventType "swiss"]
[EventCountry "TUR"]
[SourceTitle "playchess.com"]
[Source "ChessBase"]
[SourceQuality "1"]
[TimeControl "5400+30"]

1. e4 g6 2. d4 Bg7 3. Nc3 d6 4. Be3 Nf6 5. Qd2 c6 6. Nf3 b5 7. Bd3 b4 8. Ne2 a5 9. Ng3 Ng4 10. Bf4 e5 11. Bg5 f6 12. Be3 Nxe3 13. Qxe3 Nd7 14. dxe5 dxe5 15. Rd1 Qb6 16. Qe2 Nc5 17. b3 Ne6 18. Bc4 Nf4 19. Qf1 Ba6 20. Bxa6 Qxa6 21. Qxa6 Rxa6 22. O-O Ke7 23. Rd2 Rd8 24. Rxd8 Kxd8 25. Rd1+ Kc7 26. Kf1 a4 27. Ne2 Ne6 28. Nd2 axb3 29. axb3 Ra2 30. Rc1 Bh6 31. Ke1 Nc5 32. Kd1 Bxd2 33. Kxd2 Nxb3+ 34. Kd1 Nxc1 35. Nxc1 Ra8 36. Ke2 Rd8 37. Nd3 Rd4 38. Ke3 Kd6 39. f3 c5 40. Ke2 Kc6 41. Nc1 c4 42. Ke1 Kb5 43. Ne2 Rd8 44. Nc1 Ka4 0-1

[Event "Turkish Women-ch Arzum 2022"]
[Site "Ayvalik"]
[Date "2022.03.09"]
[Round "7.17"]
[White "Zengin, Ovgu"]
[Black "Kucuk, Aybike"]
[Result "1/2-1/2"]
[ECO "B15"]
[WhiteElo "1475"]
[BlackElo "1439"]
[Annotator "NA"]
[PlyCount "81"]
[EventDate "2022.03.04"]
[EventType "swiss"]
[EventCountry "TUR"]
[SourceTitle "playchess.com"]
[Source "ChessBase"]
[SourceQuality "1"]
[TimeControl "5400+30"]

1. e4 g6 2. d4 Bg7 3. Nc3 c6 4. Nf3 d5 5. exd5 cxd5 6. Be3 Nf6 7. h3 Nc6 8. Bb5 O-O 9. Bxc6 bxc6 10. Ne5 Bb7 11. Ng4 Re8 12. Qd2 Ne4 13. Nxe4 dxe4 14. O-O-O Qd5 15. Kb1 Bc8 16. Bf4 a5 17. Ne3 Qb5 18. Qc3 Be6 19. Be5 Qb4 20. Bxg7 Qxc3 21. bxc3 Kxg7 22. Ka1 f5 23. g3 Rab8 24. Rb1 g5 25. h4 h6 26. hxg5 hxg5 27. Rhe1 Rh8 28. Rxb8 Rxb8 29. Rb1 Rxb1+ 30. Kxb1 Kf6 31. Ng2 Bc4 32. Ne3 Be2 33. Kc1 f4 34. gxf4 gxf4 35. Ng2 Kg5 36. Kd2 Bf1 37. Ne1 Kf5 38. f3 e3+ 39. Kd1 e5 40. Nd3 Bxd3 41. cxd3 1/2-1/2

[Event "Turkish Women-ch Arzum 2022"]
[Site "Ayvalik"]
[Date "2022.03.09"]
[Round "7.19"]
[White "Gulceken, Sumeyye"]
[Black "Senkal, Defne"]
[Result "1-0"]
[ECO "E51"]
[WhiteElo "1591"]
[BlackElo "1247"]
[Annotator "NA"]
[PlyCount "69"]
[EventDate "2022.03.04"]
[EventType "swiss"]
[EventCountry "TUR"]
[SourceTitle "playchess.com"]
[Source "ChessBase"]
[SourceQuality "1"]
[TimeControl "5400+30"]

1. d4 Nf6 2. c4 e6 3. Nc3 Bb4 4. e3 d5 5. Nf3 O-O 6. Bd3 Ne4 7. Qc2 f5 8. O-O b6 9. cxd5 exd5 10. Nxd5 Bd6 11. Nc3 Nxc3 12. bxc3 Qf6 13. e4 Qg6 14. e5 Be7 15. d5 Bb7 16. c4 Na6 17. Qe2 Nc5 18. Bc2 Rae8 19. Nd4 c6 20. Qf3 cxd5 21. cxd5 Ne4 22. Bb3 Kh8 23. Ne6 Rf7 24. Nf4 Qg5 25. Qh3 Bc5 26. d6 Rd7 27. Ba4 Nxf2 28. Rxf2 Rxe5 29. Nd3 Bxf2+ 30. Kxf2 Qf6 31. Bxd7 Rd5 32. Qe3 h6 33. Bb2 Qxd6 34. Be6 Rxd3 35. Qxh6# 1-0

[Event "Turkish Women-ch Arzum 2022"]
[Site "Ayvalik"]
[Date "2022.03.09"]
[Round "7.20"]
[White "Olmez, Sude"]
[Black "Aydogan, Arya"]
[Result "0-1"]
[ECO "D37"]
[WhiteElo "1170"]
[BlackElo "1328"]
[Annotator "NA RC"]
[PlyCount "114"]
[EventDate "2022.03.04"]
[EventType "swiss"]
[EventCountry "TUR"]
[SourceTitle "playchess.com"]
[Source "ChessBase"]
[SourceQuality "1"]
[TimeControl "5400+30"]

1. d4 d5 2. Nf3 Nf6 3. c4 e6 4. Nc3 a6 5. a4 b6 6. Bg5 Be7 7. e3 O-O 8. Qc2 Nbd7 9. Be2 Bb7 10. cxd5 exd5 11. Rd1 Bd6 12. Bh4 Re8 13. O-O Nf8 14. Qb3 N8d7 15. Rc1 Qe7 16. Qc2 Nf8 17. Bd3 Ng6 18. Bg3 c5 19. Bxg6 hxg6 20. Bxd6 Qxd6 21. h3 Rac8 22. Qd1 Nd7 23. Re1 Bc6 24. Re2 c4 25. b3 b5 26. axb5 axb5 27. Nb1 Ra8 28. Rb2 Reb8 29. b4 Ra4 30. Qd2 Rba8 31. Ne1 Nf6 32. Nc2 Ne4 33. Qe1 Qe7 34. Nc3 Nxc3 35. Qxc3 Qa7 36. Rcb1 Ra2 37. Kh1 Kf8 38. Kg1 Ke7 39. Kf1 Kd7 40. Ke2 Ra6 41. Kf1 Ke7 42. Kg1 Bd7 43. Rc1 Bf5 44. Qd2 Bxc2 45. Rbxc2 Ra2 46. Kh2 Qa4 47. g3 Qb3 48. Kg2 R8a4 49. Kf3 Rxc2 50. Rxc2 Qxb4 51. Qc1 Ra3 52. Rb2 Rb3 53. Ra2 Rb1 54. Qc2 Qb3 55. Qe2 Qd1 56. h4 Qh1+ 57. Kg4 Qe4+ 0-1

[Event "Turkish Women-ch Arzum 2022"]
[Site "Ayvalik"]
[Date "2022.03.09"]
[Round "7.21"]
[White "Engin, Cagla"]
[Black "Dal, Nurseda"]
[Result "1-0"]
[ECO "C30"]
[WhiteElo "1436"]
[BlackElo "1116"]
[Annotator "NA"]
[PlyCount "73"]
[EventDate "2022.03.04"]
[EventType "swiss"]
[EventCountry "TUR"]
[SourceTitle "playchess.com"]
[Source "ChessBase"]
[SourceQuality "1"]
[TimeControl "5400+30"]

1. e4 e5 2. Bc4 Nf6 3. Nc3 Bc5 4. d3 h6 5. f4 d6 6. Nf3 Nc6 7. Na4 exf4 8. Nxc5 dxc5 9. Bxf4 Be6 10. Bxe6 fxe6 11. Qd2 Qe7 12. Ne5 Nxe5 13. Bxe5 O-O-O 14. Qc3 Nxe4 15. dxe4 Qh4+ 16. Bg3 Qxe4+ 17. Kf1 Rhf8+ 18. Kg1 Qe2 19. Re1 Rd1 20. h3 Rf1+ 21. Kh2 Rxh1+ 22. Kxh1 Rxe1+ 23. Qxe1 Qxe1+ 24. Bxe1 Kd7 25. Kg1 c4 26. Bc3 g6 27. Kf2 Kd6 28. Ke3 Kd5 29. Kf4 b5 30. Bg7 g5+ 31. Kg4 Ke4 32. Bxh6 Ke3 33. Bxg5+ Ke2 34. h4 a5 35. h5 b4 36. h6 a4 37. h7 1-0

[Event "Turkish Women-ch Arzum 2022"]
[Site "Ayvalik"]
[Date "2022.03.09"]
[Round "7.22"]
[White "Sezer, Ipek"]
[Black "Turunz, Dilek"]
[Result "1/2-1/2"]
[ECO "D48"]
[WhiteElo "1329"]
[BlackElo "1443"]
[Annotator "NA"]
[PlyCount "75"]
[EventDate "2022.03.04"]
[EventType "swiss"]
[EventCountry "TUR"]
[SourceTitle "playchess.com"]
[Source "ChessBase"]
[SourceQuality "1"]
[TimeControl "5400+30"]

1. d4 d5 2. c4 c6 3. Nc3 Nf6 4. Nf3 e6 5. e3 Nbd7 6. Bd3 dxc4 7. Bxc4 b5 8. Bd3 a6 9. O-O Bb7 10. e4 b4 11. Na4 Qa5 12. Bc2 Be7 13. Re1 Rd8 14. e5 Nd5 15. Bg5 c5 16. Bxe7 Nxe7 17. Be4 Bxe4 18. Rxe4 cxd4 19. Rxd4 Nc6 20. Rd6 Ndxe5 21. Nxe5 Qxe5 22. Rxd8+ Nxd8 23. Nb6 Qc7 24. Qa4+ Qc6 25. Qxc6+ Nxc6 26. Rc1 Nd8 27. Rc4 a5 28. Rg4 Rg8 29. Rd4 Ke7 30. Rd7+ Kf6 31. Nc4 Nc6 32. Rc7 Rd8 33. g3 Rd1+ 34. Kg2 Ne7 35. Ra7 Rc1 36. b3 Rc2 37. Rxa5 Nd5 38. a3 1/2-1/2

[Event "Turkish Women-ch Arzum 2022"]
[Site "Ayvalik"]
[Date "2022.03.09"]
[Round "7.23"]
[White "Yalcin, Fahriye Zeynep"]
[Black "Buyuk, Elvin Esma"]
[Result "1-0"]
[ECO "B01"]
[WhiteElo "1260"]
[BlackElo "1326"]
[Annotator "NA RC"]
[PlyCount "125"]
[EventDate "2022.03.04"]
[EventType "swiss"]
[EventCountry "TUR"]
[SourceTitle "playchess.com"]
[Source "ChessBase"]
[SourceQuality "1"]
[TimeControl "5400+30"]

1. e4 d5 2. exd5 Qxd5 3. Nc3 Qa5 4. d4 Nf6 5. Nf3 Bf5 6. Be2 e6 7. a3 c6 8. Bd2 Nbd7 9. Qc1 Be7 10. h3 O-O 11. Ne4 Qd8 12. Ng3 Be4 13. Bf4 c5 14. Nxe4 Nxe4 15. Bd3 Nef6 16. dxc5 Nxc5 17. Be2 Rc8 18. Qd1 Nd5 19. Bh2 Qb6 20. c4 Nf6 21. b4 Rfd8 22. Qb1 Nce4 23. c5 Qc6 24. O-O Nc3 25. Qc2 Nxe2+ 26. Qxe2 b6 27. Ne5 Qe4 28. Qa6 bxc5 29. Qxa7 Nd5 30. Rfe1 Qf5 31. b5 Bd6 32. Nc6 Bxh2+ 33. Kxh2 Rc7 34. Qxc5 Rdc8 35. a4 Qf6 36. a5 Nf4 37. Qe5 Qh4 38. Qd4 g5 39. a6 Qh6 40. a7 Ra8 41. b6 Rxc6 42. b7 Qf8 43. bxa8=Q Qxa8 44. Qb4 Rb6 45. Qe4 Nd5 46. Rec1 Kg7 47. Rc8 Qxc8 48. a8=Q Qc7+ 49. g3 Nf6 50. Qe3 h6 51. Rc1 Qd6 52. Qaa3 Qb8 53. Qac5 Rb2 54. Qcc3 e5 55. Qexe5 Rxf2+ 56. Kg1 Qb6 57. Qee3 Qxe3 58. Qxe3 Rf5 59. Rc6 Nd5 60. Qd4+ f6 61. Qa7+ Kg6 62. Qa8 Re5 63. Qg8+ 1-0

[Event "Turkish Women-ch Arzum 2022"]
[Site "Ayvalik"]
[Date "2022.03.09"]
[Round "7.25"]
[White "Sahin, Cagla Yudum"]
[Black "Gonultas, Bakriya Anastasiya"]
[Result "1-0"]
[ECO "B23"]
[WhiteElo "1162"]
[BlackElo "1232"]
[Annotator "NA"]
[PlyCount "85"]
[EventDate "2022.03.04"]
[EventType "swiss"]
[EventCountry "TUR"]
[SourceTitle "playchess.com"]
[Source "ChessBase"]
[SourceQuality "1"]
[TimeControl "5400+30"]

1. e4 c5 2. Nc3 Nc6 3. Bb5 Nd4 4. Nf3 a6 5. Bd3 g6 6. Nxd4 cxd4 7. Ne2 Bg7 8. c3 dxc3 9. dxc3 e5 10. O-O Ne7 11. Be3 O-O 12. Bc4 b5 13. Bb3 Bb7 14. f3 Rc8 15. Qd6 Rc6 16. Qd2 Re8 17. Rad1 d6 18. a4 Kh8 19. Bxf7 Rf8 20. Bb3 d5 21. exd5 Nxd5 22. Qxd5 Qf6 23. Qd2 Rc7 24. Qd6 Rc6 25. Qxf6 Rcxf6 26. Rd7 Bc6 27. Rd2 e4 28. f4 g5 29. g3 gxf4 30. Nxf4 Be8 31. Bc5 e3 32. Bxe3 Rf5 33. Rfd1 h5 34. Ne6 Bf7 35. Nxg7 Bxb3 36. Nxf5 Rxf5 37. Rd8+ Kg7 38. R1d7+ Kg6 39. Bd4 Bf7 40. h4 Rf3 41. Rd6+ Kf5 42. Rf6+ Kg4 43. Rxf3 1-0